 Dungeon Crawl Stone Soup version 0.29-a0-723-gce39da1c22 (webtiles) character file.

Game seed: 12601640558841788778

117 dolemite99 the Digger (level 5, -2/37 HPs)
             Began as a Gnoll Earth Elementalist on June 29, 2022.
             Was an Initiate of Yredelemnul.
             Slain by Robin
             ... wielding a +3 falchion of electrocution
              (5 damage)
             ... on level 2 of the Dungeon.
             The game lasted 00:03:29 (2450 turns).

dolemite99 the Digger (Gnoll Earth Elementalist)    Turns: 2450, Time: 00:03:30

Health: -2/37      AC:  6    Str:  7    XL:     5   Next: 1%
Magic:  16/21      EV: 13    Int: 16    God:    Yredelemnul [......]
Gold:   141        SH:  0    Dex: 13    Spells: 8/14 levels left

rFire   . . .      SeeInvis .   h - +0 hand axe
rCold   . . .      Faith    .   (no shield)
rNeg    . . .      Spirit   .   a - +0 robe
rPois   .          Reflect  .   d - +1 helmet
rElec   .          Harm     .   c - +0 cloak
rCorr   .          Rampage  .   k - +0 pair of gloves
Will    .....                   (no boots)
Stlth   +++.......              (no amulet)
HPRegen 0.12/turn               o - ring of magical power
MPRegen 0.17/turn               (no ring)

@: no status effects
A: fangs 1, strong nose, distributed training
a: Renounce Religion, Recall Undead Harvest


You were on level 2 of the Dungeon.
You worshipped Yredelemnul.
Yredelemnul was noncommittal.
You visited 1 branch of the dungeon, and saw 4 of its levels.

You collected 141 gold pieces.

Inventory:

Hand Weapons
 h - a +0 hand axe (weapon)
 n - a +2 vorpal flail
Missiles
 p - 6 datura-tipped darts
Armour
 a - a +0 robe (worn)
 c - a +0 cloak (worn)
 d - a +1 helmet (worn)
 k - a +0 pair of gloves (worn)
Jewellery
 o - a ring of magical power (left hand)
Scrolls
 e - a scroll of blinking
 i - a scroll of identify {unknown}
 j - a scroll of fog {unknown}
 l - 2 scrolls of vulnerability
 q - a scroll of teleportation
 s - 2 scrolls of immolation
Potions
 b - a potion of magic
 f - 2 potions of might {unknown}
 g - a potion of flight {unknown}
 m - a potion of berserk rage {unknown}
 r - a potion of curing {unknown}


   Skills:
 + Level 1.4 Fighting
 + Level 1.4 Short Blades
 + Level 1.4 Long Blades
 + Level 1.4 Axes
 + Level 1.4 Maces & Flails
 + Level 1.4 Polearms
 + Level 1.4 Staves
 + Level 1.4 Ranged Weapons
 + Level 1.4 Throwing
 + Level 1.4 Armour
 + Level 4.7 Dodging
 + Level 4.3 Stealth
 + Level 1.4 Shields
 + Level 1.4 Unarmed Combat
 + Level 5.1 Spellcasting
 + Level 1.1 Conjurations
 + Level 1.1 Hexes
 + Level 1.1 Summonings
 + Level 1.1 Necromancy
 + Level 1.1 Translocations
 + Level 2.3 Transmutations
 + Level 1.1 Fire Magic
 + Level 1.1 Ice Magic
 + Level 1.1 Air Magic
 + Level 5.5 Earth Magic
 + Level 1.1 Poison Magic
 + Level 1.5 Invocations
 + Level 1.4 Evocations


You had 8 spell levels left.
You knew the following spells:

 Your Spells              Type           Power      Damage    Failure   Level
a - Sandblast             Erth           42%        2d11      1%          1
b - Stone Arrow           Conj/Erth      28%        3d8       12%         3
c - Passwall              Tmut/Erth      13%        N/A       4%          2

Your spell library contained the following spells:

 Spells                   Type           Power      Damage    Failure   Level
 Petrify                  Tmut/Erth      16%        N/A       28%         4


Dungeon Overview and Level Annotations

Branches:
Dungeon (4/15)
 Temple: D:4-7

Altars:
Yredelemnul

Annotations:
D:2 Robin


Innate Abilities, Weirdness & Mutations

You have very sharp teeth.
Your uncanny sense of smell can sniff out nearby items.
Your experience applies equally to all skills.


Message History

Aiming: Sandblast (safe; 1% risk of failure)
Press: ? - help, Shift-Dir - straight line, f - goblin
Aim: a goblin, wielding a +0 dagger (strong, ally target, 76% to hit)
The blast of sand hits the goblin!
You kill the goblin!
The dead are walking!
Robin throws the goblin at you! The goblin barely misses you.
The goblin hits you with a +0 club. Robin hits you but does no damage.
You are electrocuted!!
Ouch! That really hurt!
Your quokka zombie barely misses the goblin.
Casting: Sandblast (safe; 1% risk of failure)
Confirm with . or Enter, or press ? or * to list all spells.
Aiming: Sandblast (safe; 1% risk of failure)
Press: ? - help, Shift-Dir - straight line, f - goblin
Aim: a goblin, wielding a +0 club (strong, ally target, 76% to hit)
The blast of sand misses the goblin.
The goblin barely misses you.
Robin hits you with a +3 falchion of electrocution.
* * * LOW HITPOINT WARNING * * *
Your quokka zombie barely misses the goblin.
Robin hits you with a +3 falchion of electrocution.
* * * LOW HITPOINT WARNING * * *
The goblin hits you with a +0 club.
* * * LOW HITPOINT WARNING * * *
Your quokka zombie bites the goblin.
The goblin dies!
Casting: Sandblast (safe; 1% risk of failure)
Confirm with . or Enter, or press ? or * to list all spells.
Aiming: Sandblast (safe; 1% risk of failure)
Press: ? - help, Shift-Dir - straight line, f - Robin
Aim: Robin, wielding a +3 falchion of electrocution, wearing a +0 animal skin and wearing a +0 helmet (ally target, 86% to hit)
The blast of sand hits Robin.
Robin is moderately wounded.
Robin hits you with a +3 falchion of electrocution.
* * * LOW HITPOINT WARNING * * *
Your goblin zombie closely misses Robin.
Your quokka zombie barely misses Robin.
Robin says, "Bow before me, strongest of all the hobgoblins!"
Robin hits you with a +3 falchion of electrocution.
You die...
Your body rises from the dead as a mindless zombie.

. ...######
......).#
......Z@#
.#...Zg.#
....)....
..........
..........#
..........#
......#.###
##.######


You could see Robin (ally target), a friendly quokka zombie and a friendly
goblin zombie.

Vanquished Creatures
  6 gnolls (D:3)
  An adder (D:3)
  A dart slug (D:1)
  3 ball pythons (D:3)
  2 bats (D:3)
  An endoplasm (D:3)
  A giant cockroach (D:1)
  6 hobgoblins
  3 kobolds
  A quokka (D:2)
  A frilled lizard (D:1)
  9 goblins
  A rat (D:3)
36 creatures vanquished.

Vanquished Creatures (collateral kills)
  A gnoll (D:3)
  An orc (D:3)
  A goblin (D:2)
3 creatures vanquished.

Vanquished Creatures (others)
  A hound zombie (D:3)
1 creature vanquished.

Grand Total: 40 creatures vanquished

Notes
Turn   | Place    | Note
-------+----------+-------------------------------------------
     0 | D:1      | dolemite99 the Gnoll Earth Elementalist began the quest for
                  | the Orb.
     0 | D:1      | Reached XP level 1. HP: 13/13 MP: 6/6
   445 | D:1      | Reached XP level 2. HP: 20/20 MP: 3/7
   737 | D:2      | Learned a level 2 spell: Passwall
   764 | D:2      | You fall into a shaft and drop 1 floor!
   765 | D:3      | Found a faded altar of an unknown god.
   828 | D:3      | Reached skill level 5 in Spellcasting
   828 | D:3      | Reached XP level 3. HP: 25/25 MP: 3/9
   832 | D:3      | Reached skill level 1 in Invocations
   848 | D:3      | Reached skill level 1 in Fighting
   848 | D:3      | Reached skill level 1 in Short Blades
   848 | D:3      | Reached skill level 1 in Long Blades
   848 | D:3      | Reached skill level 1 in Axes
   848 | D:3      | Reached skill level 1 in Maces & Flails
   848 | D:3      | Reached skill level 1 in Polearms
   848 | D:3      | Reached skill level 1 in Staves
   848 | D:3      | Reached skill level 1 in Ranged Weapons
   848 | D:3      | Reached skill level 1 in Throwing
   848 | D:3      | Reached skill level 1 in Armour
   848 | D:3      | Reached skill level 1 in Shields
   848 | D:3      | Reached skill level 1 in Unarmed Combat
   848 | D:3      | Reached skill level 1 in Evocations
  1141 | D:3      | Prayed at the altar of an unknown god.
  1141 | D:3      | Became a worshipper of Yredelemnul the Dark
  1141 | D:3      | Reached * piety under Yredelemnul
  1202 | D:3      | Reached XP level 4. HP: 32/32 MP: 9/11
  1328 | D:3      | Learned a level 3 spell: Stone Arrow
  1360 | D:3      | Reached skill level 1 in Conjurations
  1360 | D:3      | Reached skill level 1 in Hexes
  1360 | D:3      | Reached skill level 1 in Summonings
  1360 | D:3      | Reached skill level 1 in Necromancy
  1360 | D:3      | Reached skill level 1 in Translocations
  1360 | D:3      | Reached skill level 1 in Fire Magic
  1360 | D:3      | Reached skill level 1 in Ice Magic
  1360 | D:3      | Reached skill level 1 in Air Magic
  1360 | D:3      | Reached skill level 1 in Poison Magic
  1541 | D:3      | Learned a level 1 spell: Sandblast
  1556 | D:2      | Noticed Robin
  2448 | D:2      | Reached XP level 5. HP: 36/37 MP: 12/12
  2450 | D:2      | Slain by Robin

Illustrated notes

Levels and vault maps discovered:
D:1:      eino_arrival_druids_welcome, layout_basic
D:2:      layout_basic, uniq_terence, uniq_robin
D:3:      layout_loops_cross, chequers_ecumenical_altar_island
D:4:      layout_cave_pods, mainiacjoe_overflow_boulevard,
          biasface_ghost_orc_armoury

Skill      XL: |  1  2  3  4 |
---------------+-------------+-----
Transmutations | 2 |  2.3
Spellcasting   | 5 |  5.1
Invocations    | 1 |  1.5
Fighting       | 1 |  1.4
Short Blades   | 1 |  1.4
Long Blades    | 1 |  1.4
Axes           | 1 |  1.4
Maces & Flails | 1 |  1.4
Polearms       | 1 |  1.4
Staves         | 1 |  1.4
Ranged Weapons | 1 |  1.4
Throwing       | 1 |  1.4
Armour         | 1 |  1.4
Shields        | 1 |  1.4
Unarmed Combat | 1 |  1.4
Evocations     | 1 |  1.4
Conjurations   | 1 |  1.1
Hexes          | 1 |  1.1
Summonings     | 1 |  1.1
Necromancy     | 1 |  1.1
Translocations | 1 |  1.1
Fire Magic     | 1 |  1.1
Ice Magic      | 1 |  1.1
Air Magic      | 1 |  1.1
Poison Magic   | 1 |  1.1
Dodging        | |  4.7
Stealth        | |  4.3
Earth Magic    | |  5.5

Action                   |  1- 3 |  4- 6 || total
-------------------------+-------+-------++-------
Melee: Hand axe          |       |     1 ||     1
       Bite              |       |     1 ||     1
 Cast: Sandblast         |    19 |    26 ||    45
       Stone Arrow       |       |     1 ||     1
  Use: Scroll            |     5 |     1 ||     6
Armor: Robe              |     3 |    24 ||    27
Dodge: Dodged            |     9 |    50 ||    59

Table legend: (Time is in decaauts)
 A = Elapsed time spent in this place.
 B = Non-inter-level travel time spent in this place.
 C = Inter-level travel time spent in this place.
 D = Time resting spent in this place.
 E = Time spent auto-exploring this place.
 F = Levels seen in this place.
 G = Mean time per level.
                   A        B        C        D        E       F      G
               +--------+--------+--------+--------+--------+-----+--------+
         Total |   2506 |   2440 |     66 |    903 |   1053 |   4 |  626.5 |
       Dungeon |   2506 |   2440 |     66 |    903 |   1053 |   4 |  626.5 |
               +--------+--------+--------+--------+--------+-----+--------+

Top non-repeatable levels by time:
     D:3: 1712 daAuts
     D:1: 734 daAuts
     D:2: 57 daAuts
     D:4: 1 daAuts
